 Dungeon Crawl Stone Soup version 0.24-a0-378-g94936e5 (webtiles) character file.

Game seed: 1343600565612976732

20423 r3xj the Carver (level 12, -18/115 HPs)
             Began as a Minotaur Berserker on June 1, 2019.
             Was a High Priest of Trog.
             Demolished by a stone giant (30 damage)
             ... on level 11 of the Dungeon.
             The game lasted 00:52:22 (10620 turns).

r3xj the Carver (Minotaur Berserker)               Turns: 10620, Time: 00:52:24

Health: -18/115    AC: 21    Str: 30    XL:     12   Next: 45%
Magic:  0/11       EV: 12    Int:  6    God:    Trog [*****.]
Gold:   707        SH:  0    Dex: 12    Spells: 11/11 levels left

rFire    x . .     SeeInvis +   P - +3 falchion of the Scorpion {drain, rPois rF- MR+ SInv}
rCold    . . .     Gourm    .   (no shield)
rNeg     + . .     Faith    .   f - +4 scale mail of Ihoa {rN+}
rPois    +         Spirit   +   (helmet restricted)
rElec    .         Reflect  .   V - +2 cloak {MR+}
rCorr    .         Harm     .   T - +1 pair of gloves
MR       +++..                  l - +0 pair of boots
Stlth    ..........             X - amulet of guardian spirit
HPRegen  0.29/turn              A - +5 ring of strength
MPRegen  0.12/turn              U - +2 ring of slaying

@: marked, berserk cooldown, very slightly contaminated, slowed, very slow
A: retaliatory headbutt, horns 2, clever 1, magic resistance 1, sense
surroundings 1
a: Berserk, Trog's Hand, Brothers in Arms, Renounce Religion


You were on level 11 of the Dungeon.
You worshipped Trog.
Trog was extremely pleased with you.
You were very hungry.

You visited 1 branch of the dungeon, and saw 12 of its levels.

You collected 707 gold pieces.

Inventory:

Hand Weapons
 s - a +2 great sword of flaming
 v - a +2 dire flail of crushing
 y - a +8 antimagic executioner's axe
 C - a +3 scimitar of flaming
 M - a +1 triple crossbow of freezing
 N - the +7 great mace "Firestarter" {inner flame, rF++}
   (You took it off a fire giant on level 10 of the Dungeon)

   It has been specially enchanted to burn those struck by it, causing extra
   injury to most foes and up to half again as much damage against particularly
   susceptible opponents.
   It greatly protects you from fire.
 P - the +3 falchion of the Scorpion (weapon) {drain, rPois rF- MR+ SInv}
   (You found it on level 7 of the Dungeon)

   A truly terrible weapon, it drains the life of those it strikes.
   It makes you vulnerable to fire.
   It protects you from poison.
   It affects your resistance to hostile enchantments.
   It lets you see invisible.
Missiles
 J - 17 bolts
Armour
 a - a +3 ring mail of fire resistance
 d - a +1 troll leather armour {Snorg}
 f - the +4 scale mail of Ihoa (worn) {rN+}
   (You took it off an orc on level 11 of the Dungeon)

   It protects you from negative energy.
 l - a +0 pair of boots (worn)
 L - a +3 chain mail of cold resistance
 O - a +3 scale mail of fire resistance
 T - a +1 pair of gloves (worn)
 V - a +2 cloak of magic resistance (worn)
 Y - +0 steam dragon scales
Jewellery
 g - an uncursed ring of resist corrosion
 x - an uncursed ring of flight
 A - a +5 ring of strength (left hand)
 D - the ring of Phasing {EV+8}
   (You took it off a crimson imp on level 11 of the Dungeon)

   [ring of evasion]

   It affects your evasion (+8).
 F - an uncursed ring of protection from magic
 U - a +2 ring of slaying (right hand)
 X - an amulet of guardian spirit (around neck)
Wands
 b - a wand of flame (37)
 r - a wand of clouds (4)
 I - a wand of enslavement (7)
 K - a wand of acid (16)
 S - a wand of scattershot (5)
Scrolls
 e - 6 scrolls of teleportation
 i - 3 scrolls of identify
 k - 2 scrolls of enchant armour
 o - 2 scrolls of random uselessness
 p - 6 scrolls of remove curse
 q - 2 scrolls of fear
 t - 2 scrolls of blinking
 z - a scroll of noise
 E - 4 scrolls of immolation
Potions
 j - a potion of agility
 m - 7 potions of curing
 n - 3 potions of flight
 u - 2 potions of brilliance
 w - a potion of mutation
 G - 2 potions of haste
 H - 2 potions of berserk rage {unknown}
Miscellaneous
 Q - a fan of gales
Comestibles
 c - 14 rations
 W - a chunk of flesh


   Skills:
 + Level 13.0 Fighting
 - Level 14.0 Long Blades
 * Level 8.8 Maces & Flails
 + Level 12.7 Armour
 - Level 3.7 Dodging
 - Level 1.3 Stealth


You had 11 spell levels left.
You didn't know any spells.
Your spell library was empty.

Dungeon Overview and Level Annotations

Branches:
Dungeon (12/15)            Temple (0/1) D:6            Lair (0/6) D:11
    Orc (0/2) D:9

Altars:
Gozag
Nemelex Xobeh

Shops:
D:4 *   D:8 *   D:9 [


Innate Abilities, Weirdness & Mutations

You reflexively headbutt those who attack you in melee.
You have a pair of horns on your head.
Your mind is acute. (Int +2)
You are resistant to hostile enchantments. (MR+)
You passively map a small area around you.


Message History

An ogre mage comes into view. It is wielding a +0 halberd.
The ogre mage hits you but does no damage.
A stone giant comes into view.
The sphinx hits you.
* * * LOW HITPOINT WARNING * * *
The sphinx barely misses you. The sphinx hits you!
* * * LOW HITPOINT WARNING * * *
The ogre mage hits you but does no damage.
An ettin comes into view.
It is wielding a +0 great mace and a +0 dire flail.
The sphinx hits you but does no damage. The sphinx hits you!
* * * LOW HITPOINT WARNING * * *
The sphinx hits you.
* * * LOW HITPOINT WARNING * * *
You feel better.
The sphinx casts a spell.
You resist with almost no effort.
The ogre mage hits you from afar with a +0 halberd.
* * * LOW HITPOINT WARNING * * *
The stone giant hits you!!
You die...

*,,,,*,# #.# #...#.# **,,**.# #.#
#(#.#.# ### *,,,,*.##
#.#####.#<#.#########.#
*#####..###......(###.##........#
,#.....#.#########....##.######..
*,#...#.##.#.#...#.....#.# #..
,*○#[#.#.#.....#.#..##.#.######).
,,#.#.#..#)....#.#(.........).)))
,..#.#(..#.#.#QH@#.###.#.##.###))
..#.#.#..######C.#.###.#.##.#..÷#
.#.#.#.#.....CO###.......##.#...#
#.#...#.#.#####..#....#####.#...#
.#.....#.#[.^..###....# #.#...#
#..######.#(###..#.#### #.##...
##.*,,,,##.#...###.# #.##...
.#,**,,*#.#.#.#..#.# #.##...
.#,*,,,,#..#.#(###.# #.##...


You could see a sphinx, a stone giant, a tengu reaver, an ettin and an ogre
mage.

Vanquished Creatures
  A fire giant (D:10)
  Snorg (D:10)
  An ettin (D:11)
  Josephine (D:11)
  The ghost of CanOfBees the Fighter, a journeyman DrAE of Okawaru (D:9)
  Harold (D:7)
  A two-headed ogre (D:11)
  An unseen horror (D:11)
  A wizard (D:11)
  A manticore (D:11)
  An ugly thing (D:11)
  Maurice (D:11)
  2 cyclopes (D:11)
  A gargoyle (D:10)
  2 efreet (D:11)
  A tengu conjurer (D:11)
  A jumping spider (shapeshifter) (D:11)
  2 hornets
  A troll (D:11)
  Prince Ribbit (D:7)
  4 hippogriffs
  2 wyverns (D:8)
  A spriggan (D:8)
  The ghost of caranvelle the Sneak, an amateur SpEn of Gozag (D:4)
  5 wraiths
  6 yaks
  2 hungry ghosts
  2 steam dragons (D:9)
  6 fire bats (D:10)
  Menkaure (D:7)
  A soldier ant (D:11)
  4 sky beasts
  3 orc warriors
  6 ice beasts
  A black bear (D:11)
  6 phantoms
  8 ogres
  3 centaurs
  3 crocodiles
  2 big kobolds
  4 bullfrogs
  A water moccasin skeleton (D:5)
  5 scorpions
  7 killer bees
  A wight (D:7)
  2 howler monkeys
  8 crimson imps
  A centaur zombie (D:6)
  2 quasits
  A bullfrog skeleton (D:6)
  4 hounds
  7 orc wizards
  2 orc priests
  3 centaur skeletons
  4 iguanas
  14 worker ants
  A hound zombie (D:8)
  2 worker ant zombies
  3 howler monkey skeletons
  12 adders
  4 shadow imps
  2 oozes
  An adder zombie (D:10)
  2 adder skeletons
  3 worms
  A dart slug (D:1)
  11 leopard geckos
  41 orcs
  2 ball pythons
  5 giant cockroaches
  10 goblins
  9 hobgoblins
  12 jackals
  10 kobolds
  7 quokkas
  6 bats
  4 frilled lizards
  A jackal skeleton (D:4)
  2 leopard gecko skeletons
  A leopard gecko zombie (D:5)
  A quokka skeleton (D:5)
  10 rats
319 creatures vanquished.

Notes
Turn   | Place    | Note
-------+----------+-------------------------------------------
     0 | D:1      | r3xj the Minotaur Berserker began the quest for the Orb.
     0 | D:1      | Reached XP level 1. HP: 19/19 MP: 0/0
   150 | D:1      | Reached skill level 4 in Long Blades
   150 | D:1      | Reached XP level 2. HP: 12/27 MP: 1/1
  1344 | D:2      | Reached XP level 3. HP: 33/33 MP: 2/2
  1389 | D:2      | Reached ** piety under Trog
  2045 | D:3      | Reached XP level 4. HP: 41/41 MP: 3/3
  2141 | D:3      | Reached skill level 5 in Long Blades
  3049 | D:4      | Found Gozag's Platinum Reserve.
  3051 | D:4      | Found an opulent altar of Gozag.
  3077 | D:4      | Reached XP level 5. HP: 41/47 MP: 4/4
  3205 | D:4      | Noticed an ogre
  3208 | D:4      | Killed an ogre
  3208 | D:4      | Reached *** piety under Trog
  3208 | D:4      | Reached skill level 1 in Stealth
  3208 | D:4      | Reached XP level 6. HP: 48/55 MP: 5/5
  3273 | D:4      | Found a large runed translucent door.
  3273 | D:4      | Found a large runed translucent door.
  3274 | D:4      | Noticed caranvelle's ghost (amateur SpEn)
  3298 | D:4      | Reached skill level 6 in Long Blades
  3330 | D:4      | Reached skill level 5 in Fighting
  3567 | D:4      | Reached XP level 7. HP: 59/61 MP: 6/6
  3595 | D:4      | Reached skill level 7 in Long Blades
  4168 | D:4      | Killed caranvelle's ghost
  4168 | D:4      | Reached skill level 5 in Armour
  4208 | D:5      | Entered Level 5 of the Dungeon
  4611 | D:5      | Reached skill level 8 in Long Blades
  4780 | D:5      | Reached XP level 8. HP: 48/71 MP: 7/7
  5176 | D:6      | Reached **** piety under Trog
  5219 | D:6      | Reached skill level 9 in Long Blades
  5292 | D:6      | Found a staircase to the Ecumenical Temple.
  5321 | D:6      | Found a sparkling altar of Nemelex Xobeh.
  5671 | D:7      | Noticed Harold
  5688 | D:7      | Killed Harold
  5688 | D:7      | Reached skill level 10 in Long Blades
  5688 | D:7      | Reached XP level 9. HP: 81/81 MP: 8/8
  5811 | D:7      | Noticed Menkaure
  5823 | D:7      | Killed Menkaure
  5983 | D:7      | Noticed Prince Ribbit
  5989 | D:7      | Killed Prince Ribbit
  5989 | D:7      | Reached skill level 11 in Long Blades
  6047 | D:7      | Got a warped falchion
  6050 | D:7      | Identified the +3 falchion of the Scorpion {drain, rPois
                  | rF- MR+ SInv} (You found it on level 7 of the Dungeon)
  6562 | D:8      | Reached skill level 12 in Long Blades
  6563 | D:8      | Reached ***** piety under Trog
  6568 | D:8      | Reached XP level 10. HP: 91/91 MP: 9/9
  6667 | D:8      | Found Fiuma's Elemental Accessories.
  7200 | D:8      | Received a gift from Trog
  7436 | D:9      | Found a runed translucent door.
  7498 | D:9      | Found Tivvekhy's Antique Armour Shop.
  7521 | D:9      | Reached skill level 13 in Long Blades
  7722 | D:9      | Reached skill level 10 in Fighting
  7803 | D:9      | Found a staircase to the Orcish Mines.
  8153 | D:9      | Noticed CanOfBees's ghost (journeyman DrAE)
  8172 | D:9      | Killed CanOfBees's ghost
  8235 | D:10     | Entered Level 10 of the Dungeon
  8284 | D:10     | Noticed a gargoyle
  8289 | D:10     | Killed a gargoyle
  8289 | D:10     | Reached skill level 10 in Armour
  8319 | D:10     | Noticed Snorg
  8334 | D:10     | Killed Snorg
  8334 | D:10     | Reached skill level 14 in Long Blades
  8334 | D:10     | Reached XP level 11. HP: 33/101 MP: 2/10
  8728 | D:10     | Received a gift from Trog
  8728 | D:10     | Noticed a fire giant
  8747 | D:10     | Killed a fire giant
  8935 | D:10     | Reached skill level 1 in Maces & Flails
  9334 | D:11     | Noticed a two-headed ogre
  9344 | D:11     | Killed a two-headed ogre
  9392 | D:11     | Reached skill level 5 in Maces & Flails
  9397 | D:11     | Gained mutation: You passively map a small area around you.
                  | [potion of mutation]
  9397 | D:11     | Gained mutation: You are resistant to hostile enchantments.
                  | (MR+) [potion of mutation]
  9397 | D:11     | Gained mutation: Your mind is acute. (Int +2) [potion of
                  | mutation]
  9478 | D:11     | Noticed a purple ugly thing
  9489 | D:11     | Killed a brown ugly thing
  9526 | D:11     | Found a staircase to the Lair.
  9658 | D:11     | Noticed Josephine
  9667 | D:11     | Killed Josephine
  9667 | D:11     | Reached XP level 12. HP: 91/113 MP: 9/11
  9673 | D:11     | Identified the +4 scale mail of Ihoa {rN+}
 10358 | D:11     | Noticed Maurice
 10381 | D:11     | Killed Maurice
 10594 | D:11     | Noticed an ettin
 10599 | D:11     | Killed an ettin
 10614 | D:11     | Noticed a tengu reaver
 10616 | D:11     | Noticed a sphinx
 10618 | D:11     | Noticed an ogre mage
 10618 | D:11     | Noticed a stone giant
 10619 | D:11     | Noticed an ettin
 10620 | D:11     | Demolished by a stone giant

Levels and vault maps discovered:
D:1:      sevenhm_arrival_forest_fort_large_1, layout_basic, minmay_heptomino_w4
D:2:      layout_loops_ring, first_ration
D:3:      minmay_general_purpose_star, layout_basic, serial_bayou_lake_a
D:4:      minmay_thinvault, layout_rooms, nicolae_gozag_zags_fifth_avenue,
          ebering_ghost_disaster_area, hex_large, minmay_quantized
D:5:      layout_loops_corners
D:6:      layout_loops_ring, minmay_temple_entry_glassed_door,
          nemelex_lonely_heart_becter
D:7:      minmay_the_grid_octo_tiled_squarecenter [minmay_the_grid_octo_chip,
          minmay_the_grid_octo_empty, minmay_the_grid_octo_tetromino_candy,
          minmay_the_grid_octo_odd_swirl,
          minmay_the_grid_square_5x5_megaprize_diamond,
          minmay_the_grid_square_5x5_dogpile,
          minmay_the_grid_square_5x5_minivault,
          minmay_the_grid_square_5x5_half_checkered,
          minmay_the_grid_square_5x5_plus], layout_loops_ring, uniq_harold,
          uniq_prince_ribbit1, uniq_menkaure
D:8:      layout_basic, grunt_pizzeria, nicolae_elemental_shop
D:9:      kennysheep_steamy, layout_long_grid, david_orc_2, serial_shops,
          shop_fountains, ebering_ghost_reflecting_pool
D:10:     minmay_firetagon, layout_irregular_city, kennysheep_boxes, uniq_snorg
D:11:     minmay_tearing_corner, layout_basic, lair_entry_dummy, centaur_isle,
          uniq_josephine, uniq_maurice
D:12:     minmay_heptahexagon, layout_small_grid, uniq_nergalle

Skill      XL: |  1  2  3  4  5  6  7  8  9 10 11 12 |
---------------+-------------------------------------+-----
Fighting       | 4 5 6 8 9 10 12 13 | 13.0
Long Blades    | 4 5 6 8 10 12 14 | 14.0
Armour         | 3 4 5 7 8 10 12 | 12.7
Dodging        | 3 |  3.7
Stealth        | 1 |  1.3
Maces & Flails | 6 8 |  8.8

Action                   |  1- 3 |  4- 6 |  7- 9 | 10-12 || total
-------------------------+-------+-------+-------+-------++-------
Melee: Falchion          |    73 |   156 |   294 |   452 ||   975
       Headbutt          |    14 |    42 |    64 |   101 ||   221
Invok: Berserk           |       |     1 |     4 |     9 ||    14
Evoke: Fan of gales      |       |       |       |     1 ||     1
  Use: Scroll            |     3 |       |     5 |    17 ||    25
       Potion            |       |       |       |    11 ||    11
 Stab: Sleeping          |     1 |       |       |       ||     1
  Eat: Chunk             |     2 |     1 |     3 |     6 ||    12
       Ration            |     1 |     1 |     3 |     5 ||    10
Armor: Scale mail        |    20 |    68 |    13 |    53 ||   154
       Animal skin       |     1 |       |       |       ||     1
       Plate armour      |       |       |   101 |       ||   101
       Chain mail        |       |       |    19 |   184 ||   203
Dodge: Dodged            |    39 |    77 |    89 |   183 ||   388
       Rpst.: Falchion   |    12 |    26 |    17 |    41 ||    96

Table legend:
 A = Non-vault XP
 B = Vault XP
 C = Vault XP percentage of total XP
 D = Non-vault monster count
 E = Vault monster count
 F = Vault count percentage of total count
                 A         B        C        D         E       F
            +---------+---------+-------+---------+---------+-------
      Total |   14159 |   15018 |  51.5 |     239 |      80 |  25.1
            +---------+---------+-------+---------+---------+-------
        D:1 |      22 |      15 |  40.5 |       9 |       8 |  47.1
        D:2 |      48 |       0 |   0.0 |      14 |       0 |   0.0
        D:3 |      71 |       8 |  10.1 |      26 |       4 |  13.3
        D:4 |     422 |     518 |  55.1 |      26 |      12 |  31.6
        D:5 |     392 |       0 |   0.0 |      13 |       0 |   0.0
        D:6 |    1040 |       0 |   0.0 |      20 |       0 |   0.0
        D:7 |      65 |    2563 |  97.5 |       5 |      21 |  80.8
        D:8 |    2136 |     215 |   9.1 |      44 |       1 |   2.2
        D:9 |     722 |    1400 |  66.0 |      18 |      11 |  37.9
       D:10 |    3563 |    4017 |  53.0 |      31 |       8 |  20.5
       D:11 |    5678 |    6282 |  52.5 |      33 |      15 |  31.2
            +---------+---------+-------+---------+---------+-------
